General information
- name: BNet
- type: Ladder team game (AT/RT)
- host: Battle.net
- saver: t(o.ot)eatmyass
map: Deadlock
- players: 8
- length: 39:02
- speed: Fast
- version: 1.26 W3XP
- replay type: Public
» download(217 KB)
Players
team 1 (winner)

»
mental_unstable (
orange | 32 APM | 1238 actions | 39:00)
3 Death Knight
2 Death Coil
1 Unholy Aura
2 Dreadlord
1 Sleep
1 Vampiric Aura
1 Lich
1 Frost Nova
» actions
| Assign group hotkey | 20 | |
| Basic commands | 4 | |
| Build / train | 81 | |
| ESC pressed | 1 | |
| Enter build submenu | 19 | |
| Enter hero's abilities submenu | 6 | |
| Give item / drop item | 3 | |
| Right click | 434 | |
| Select / deselect | 207 | |
| Select group hotkey | 398 | |
| Use ability | 65 | |
1238 total
» units
| Acolyte | 27 | |
| Ghoul | 9 | |
| Frost Wyrm | 6 | |
| Crypt Fiend | 3 | |
45 total
» upgrades
| Creature Attack | 3 | |
| Freezing Breath | 1 | |
| Creature Carapace | 2 | |
| Web | 1 | |
| Burrow | 1 | |
8 total
» buildings
| Altar of Darkness | 1 | |
| Ziggurat | 10 | |
| Crypt | 2 | |
| Nerubian Tower | 3 | |
| Halls of the Dead | 1 | |
| Tomb of Relics | 1 | |
| Graveyard | 1 | |
| Black Citadel | 1 | |
| Sacrificial Pit | 1 | |
| Boneyard | 4 | |
| Spirit Tower | 1 | |
26 total
» build order
00:16 Altar of Darkness
00:18 Ziggurat
01:04 Crypt
01:11 Nerubian Tower
01:24 Ziggurat
03:19 Halls of the Dead
04:54 Crypt
04:58 Ziggurat
05:01 Tomb of Relics
05:10 Graveyard
05:14 Nerubian Tower
06:36 Black Citadel
08:06 Sacrificial Pit
09:01 Boneyard
09:04 Boneyard
09:05 Boneyard
09:26 Boneyard
09:31 Ziggurat
09:33 Ziggurat
10:55 Nerubian Tower
12:15 Ziggurat
12:16 Ziggurat
12:17 Ziggurat
12:18 Ziggurat
14:38 Ziggurat
15:25 Spirit Tower
» items
| Lesser Clarity Potion | 3 | |
| Scroll of Regeneration | 2 | |
| Rod of Necromancy | 1 | |
| Orb of Corruption | 2 | |
| Potion of Healing | 3 | |
| Scroll of Protection | 1 | |
12 total
ARGENTINA-K (
red | 46 APM | 1553 actions | 34:00)
3 Blademaster
1 Wind Walk
2 Critical Strike
2 Shadow Hunter
1 Healing Wave
1 Hex
2 Pandaren Brewmaster
1 Drunken Haze
1 Drunken Brawler
» actions
| Assign group hotkey | 24 | |
| Basic commands | 273 | |
| Build / train | 75 | |
| Enter build submenu | 14 | |
| Enter hero's abilities submenu | 7 | |
| Give item / drop item | 1 | |
| Remove unit from queue | 4 | |
| Right click | 318 | |
| Select / deselect | 299 | |
| Select group hotkey | 458 | |
| Use ability | 80 | |
1553 total
» units
| Peon | 11 | |
| Grunt | 6 | |
| Troll Headhunter/Berserker | 8 | |
| Raider | 2 | |
| Shaman | 8 | |
35 total
» upgrades
| Armor | 2 | |
| Melee Weapons | 3 | |
| Ranged Weapons | 2 | |
| Berserker Strength | 1 | |
| Troll Regeneration | 1 | |
| Pillage | 1 | |
| Shaman Training | 2 | |
| Berserker Upgrade | 1 | |
13 total
» buildings
| Altar of Storms | 1 | |
| Orc Burrow | 7 | |
| War Mill | 1 | |
| Barracks | 1 | |
| Stronghold | 1 | |
| Beastiary | 1 | |
| Fortress | 6 | |
| Spirit Lodge | 2 | |
| Voodoo Lounge | 1 | |
21 total
» build order
00:08 Altar of Storms
00:22 Orc Burrow
00:51 War Mill
01:11 Barracks
01:39 Orc Burrow
03:10 Orc Burrow
04:04 Stronghold
07:21 Orc Burrow
09:08 Beastiary
10:11 Fortress
10:11 Fortress
10:11 Fortress
10:12 Fortress
13:02 Spirit Lodge
13:03 Spirit Lodge
13:39 Voodoo Lounge
16:06 Orc Burrow
16:08 Orc Burrow
16:09 Orc Burrow
» items
| Scroll of Town Portal | 3 | |
| Lesser Clarity Potion | 1 | |
| Periapt of Vitality | 1 | |
5 total
forefingerfirst (
green | 60 APM | 1977 actions | 32:52)
5 Blademaster
3 Wind Walk
2 Critical Strike
1 Shadow Hunter
1 Hex
» actions
| Assign group hotkey | 21 | |
| Build / train | 67 | |
| Enter build submenu | 12 | |
| Enter hero's abilities submenu | 6 | |
| Give item / drop item | 8 | |
| Right click | 918 | |
| Select / deselect | 344 | |
| Select group hotkey | 522 | |
| Use ability | 79 | |
1977 total
» units
| Peon | 7 | |
| Grunt | 8 | |
| Spirit Walker | 1 | |
| Shaman | 2 | |
18 total
» upgrades
| Melee Weapons | 3 | |
| Berserker Strength | 1 | |
| Armor | 2 | |
| Spirit Walker Training | 1 | |
| Shaman Training | 1 | |
8 total
» buildings
| Altar of Storms | 1 | |
| Orc Burrow | 4 | |
| Barracks | 1 | |
| War Mill | 1 | |
| Stronghold | 1 | |
| Fortress | 1 | |
| Voodoo Lounge | 1 | |
| Spirit Lodge | 1 | |
| Great Hall | 1 | |
12 total
» build order
00:17 Altar of Storms
00:19 Orc Burrow
01:11 Barracks
01:49 Orc Burrow
03:53 War Mill
04:20 Stronghold
05:57 Orc Burrow
09:42 Fortress
10:08 Voodoo Lounge
12:05 Orc Burrow
13:59 Spirit Lodge
22:58 Great Hall
» items
| Scroll of Regeneration | 3 | |
| Lesser Clarity Potion | 7 | |
| Potion of Healing | 5 | |
| Healing Salve | 2 | |
| Boots of Speed | 2 | |
| Circlet of Nobility | 3 | |
| Scroll of Town Portal | 2 | |
| Potion of Lesser Invulnerability | 3 | |
| Orb of Lightning | 1 | |
| Potion of Mana | 2 | |
30 total
t(o.ot)eatmyass (
teal | 72 APM | 2793 actions | 39:02)
9 Blood Mage
3 Flame Strike
2 Siphon Mana
1 Summon Phoenix
3 Banish
» actions
| Assign group hotkey | 465 | |
| Basic commands | 205 | |
| Build / train | 99 | |
| Enter build submenu | 49 | |
| Enter hero's abilities submenu | 8 | |
| Give item / drop item | 2 | |
| Right click | 768 | |
| Select / deselect | 365 | |
| Select group hotkey | 663 | |
| Use ability | 169 | |
2793 total
» units
| Peasant | 23 | |
| Footman | 4 | |
| Sorceress | 3 | |
| Gryphon Rider | 4 | |
34 total
» upgrades
| Lumber Harvesting | 2 | |
| Sorceress Training | 1 | |
| Magic Sentry | 1 | |
| Masonry | 3 | |
| Storm Hammers | 1 | |
| Swords | 3 | |
| Armor | 3 | |
| Animal War Training | 1 | |
| Cloud | 1 | |
16 total
» buildings
| Altar of Kings | 1 | |
| Barracks | 1 | |
| Farm | 10 | |
| Arcane Vault | 1 | |
| Town Hall | 3 | |
| Keep | 1 | |
| Lumber Mill | 2 | |
| Scout Tower | 26 | |
| Arcane Sanctum | 1 | |
| Arcane Tower | 2 | |
| Guard Tower | 5 | |
| Castle | 1 | |
| Gryphon Aviary | 6 | |
| Blacksmith | 2 | |
62 total
» build order
00:43 Altar of Kings
00:44 Barracks
01:06 Farm
01:07 Farm
01:07 Farm
02:05 Farm
03:12 Arcane Vault
03:48 Town Hall
04:46 Keep
05:40 Lumber Mill
06:23 Farm
06:54 Scout Tower
07:08 Scout Tower
07:08 Scout Tower
07:10 Scout Tower
07:13 Scout Tower
07:15 Scout Tower
07:32 Arcane Sanctum
07:34 Arcane Tower
07:39 Scout Tower
07:40 Scout Tower
07:41 Scout Tower
07:42 Scout Tower
07:43 Scout Tower
08:21 Guard Tower
09:34 Guard Tower
09:36 Castle
12:12 Scout Tower
12:12 Scout Tower
12:22 Town Hall
12:25 Scout Tower
12:25 Scout Tower
12:26 Scout Tower
12:26 Scout Tower
12:27 Scout Tower
12:27 Scout Tower
12:29 Scout Tower
12:29 Scout Tower
12:30 Scout Tower
12:30 Scout Tower
12:31 Scout Tower
12:32 Scout Tower
12:36 Scout Tower
14:12 Guard Tower
14:15 Guard Tower
14:25 Lumber Mill
14:37 Guard Tower
15:31 Arcane Tower
16:51 Gryphon Aviary
16:51 Gryphon Aviary
16:51 Gryphon Aviary
16:52 Gryphon Aviary
16:52 Gryphon Aviary
16:56 Gryphon Aviary
19:18 Blacksmith
19:19 Blacksmith
20:01 Farm
20:02 Farm
20:02 Farm
20:04 Farm
20:07 Farm
25:05 Town Hall
» items
| Scroll of Regeneration | 3 | |
| Boots of Speed | 1 | |
| Staff of Teleportation | 1 | |
| Potion of Invisibility | 2 | |
| Scroll of Town Portal | 4 | |
| Potion of Healing | 7 | |
| Potion of Mana | 5 | |
| Lesser Clarity Potion | 3 | |
| Tome of Retraining | 1 | |
27 total
team 2 (loser)
Mizzourah (
pink | 43 APM | 678 actions | 15:45)
3 Archmage
2 Summon Water Elemental
1 Brilliance Aura
1 Paladin
1 Holy Light
» actions
| Assign group hotkey | 14 | |
| Basic commands | 11 | |
| Build / train | 59 | |
| Enter build submenu | 21 | |
| Enter hero's abilities submenu | 4 | |
| Give item / drop item | 1 | |
| Right click | 230 | |
| Select / deselect | 247 | |
| Select group hotkey | 35 | |
| Use ability | 56 | |
678 total
» units
| Peasant | 21 | |
| Footman | 10 | |
| Mortar Team | 2 | |
| Siege Engine | 4 | |
37 total
» upgrades
| Defend | 1 | |
| Swords | 1 | |
| Lumber Harvesting | 2 | |
| Barrage | 1 | |
| Gunpowder | 1 | |
| Plating | 1 | |
| Armor | 1 | |
| Masonry | 1 | |
9 total
» buildings
| Altar of Kings | 1 | |
| Farm | 8 | |
| Barracks | 1 | |
| Scout Tower | 1 | |
| Arcane Tower | 1 | |
| Keep | 1 | |
| Blacksmith | 1 | |
| Lumber Mill | 1 | |
| Arcane Vault | 1 | |
| Workshop | 2 | |
| Town Hall | 1 | |
| Castle | 1 | |
| Arcane Sanctum | 2 | |
22 total
» build order
00:07 Altar of Kings
00:12 Farm
00:16 Barracks
00:52 Farm
01:31 Scout Tower
01:46 Farm
02:29 Arcane Tower
02:34 Farm
03:20 Keep
04:01 Blacksmith
04:29 Lumber Mill
04:46 Arcane Vault
06:00 Farm
06:04 Workshop
07:30 Town Hall
08:46 Castle
08:50 Workshop
08:56 Farm
09:53 Farm
11:15 Arcane Sanctum
12:14 Farm
13:07 Arcane Sanctum
» items
| Scroll of Regeneration | 2 | |
| Orb of Fire | 1 | |
| Scroll of Town Portal | 1 | |
4 total

»
KickitwitaG (
purple | 38 APM | 627 actions | 16:25)
2 Mountain King
1 Storm Bolt
1 Thunder Clap
» actions
| Basic commands | 300 | |
| Build / train | 44 | |
| Enter build submenu | 13 | |
| Enter hero's abilities submenu | 2 | |
| Right click | 2 | |
| Select / deselect | 217 | |
| Use ability | 49 | |
627 total
» units
» buildings
| Altar of Kings | 1 | |
| Farm | 6 | |
| Barracks | 2 | |
| Arcane Vault | 1 | |
| Keep | 1 | |
| Lumber Mill | 1 | |
| Castle | 1 | |
| Blacksmith | 1 | |
14 total
» build order
00:17 Altar of Kings
00:18 Farm
00:22 Barracks
01:22 Farm
02:02 Farm
02:42 Arcane Vault
03:39 Keep
05:29 Farm
06:05 Farm
06:06 Farm
06:21 Lumber Mill
06:58 Castle
07:02 Blacksmith
08:25 Barracks
» items
| Scroll of Regeneration | 2 | |
| Lesser Clarity Potion | 1 | |
| Potion of Mana | 1 | |
4 total
Finally (
yellow | 76 APM | 2960 actions | 39:00)
8 Blood Mage
3 Flame Strike
3 Siphon Mana
1 Summon Phoenix
1 Banish
» actions
| Assign group hotkey | 48 | |
| Basic commands | 100 | |
| Build / train | 255 | |
| ESC pressed | 4 | |
| Enter build submenu | 99 | |
| Enter hero's abilities submenu | 8 | |
| Give item / drop item | 11 | |
| Right click | 976 | |
| Select / deselect | 560 | |
| Select group hotkey | 725 | |
| Use ability | 174 | |
2960 total
» units
| Peasant | 26 | |
| Footman | 12 | |
| Gryphon Rider | 8 | |
| Dragonhawk Rider | 5 | |
51 total
» upgrades
| Masonry | 5 | |
| Lumber Harvesting | 3 | |
| Swords | 3 | |
| Animal War Training | 1 | |
| Armor | 3 | |
| Storm Hammers | 1 | |
| Cloud | 1 | |
| Backpack | 1 | |
| Plating | 3 | |
| Gunpowder | 4 | |
| Barrage | 1 | |
| Flying Machine Bombs | 1 | |
| Magic Sentry | 1 | |
| Sorceress Training | 2 | |
| Priest Training | 2 | |
| Fragmentation Shards | 1 | |
| Flare | 1 | |
| Flak Cannons | 1 | |
| Control Magic | 1 | |
| Defend | 1 | |
| Long Rifles | 4 | |
| Well Spring | 1 | |
| Ultravision | 1 | |
43 total
» buildings
| Altar of Kings | 1 | |
| Barracks | 1 | |
| Farm | 12 | |
| Lumber Mill | 1 | |
| Arcane Vault | 1 | |
| Town Hall | 3 | |
| Scout Tower | 60 | |
| Arcane Tower | 4 | |
| Guard Tower | 101 | |
| Keep | 4 | |
| Blacksmith | 1 | |
| Castle | 1 | |
| Gryphon Aviary | 3 | |
| Workshop | 3 | |
| Arcane Sanctum | 1 | |
197 total
» build order
00:03 Altar of Kings
00:07 Barracks
00:11 Farm
01:10 Farm
02:10 Farm
02:27 Lumber Mill
03:25 Arcane Vault
03:39 Town Hall
03:41 Scout Tower
04:10 Arcane Tower
05:10 Scout Tower
05:11 Scout Tower
05:12 Scout Tower
05:16 Scout Tower
05:20 Scout Tower
05:37 Guard Tower
05:37 Guard Tower
05:40 Guard Tower
05:41 Guard Tower
06:13 Guard Tower
06:32 Guard Tower
07:02 Town Hall
07:22 Guard Tower
07:29 Farm
07:40 Scout Tower
07:41 Scout Tower
07:42 Scout Tower
07:45 Scout Tower
08:11 Guard Tower
08:12 Guard Tower
08:12 Guard Tower
08:15 Guard Tower
08:25 Scout Tower
08:26 Scout Tower
08:32 Scout Tower
08:36 Scout Tower
08:42 Scout Tower
08:44 Scout Tower
08:48 Scout Tower
09:01 Guard Tower
09:02 Guard Tower
09:02 Guard Tower
09:03 Arcane Tower
09:03 Arcane Tower
09:13 Scout Tower
09:14 Scout Tower
09:15 Scout Tower
09:16 Scout Tower
09:17 Scout Tower
09:18 Scout Tower
09:23 Scout Tower
09:25 Scout Tower
09:26 Scout Tower
09:34 Scout Tower
09:39 Scout Tower
10:10 Guard Tower
10:11 Guard Tower
10:24 Guard Tower
10:27 Guard Tower
10:27 Guard Tower
10:30 Guard Tower
10:30 Guard Tower
10:39 Guard Tower
10:39 Guard Tower
11:10 Keep
11:10 Keep
11:25 Guard Tower
11:26 Guard Tower
11:26 Guard Tower
11:32 Guard Tower
11:32 Guard Tower
11:37 Guard Tower
11:49 Guard Tower
12:19 Blacksmith
13:11 Scout Tower
13:13 Scout Tower
13:13 Scout Tower
13:16 Scout Tower
13:17 Scout Tower
13:20 Scout Tower
13:25 Scout Tower
13:27 Scout Tower
13:32 Scout Tower
13:36 Scout Tower
13:38 Castle
13:43 Guard Tower
13:44 Guard Tower
13:44 Guard Tower
13:46 Guard Tower
13:46 Guard Tower
13:46 Guard Tower
13:47 Guard Tower
13:47 Guard Tower
13:47 Guard Tower
14:02 Guard Tower
14:02 Guard Tower
14:03 Guard Tower
14:03 Guard Tower
14:15 Guard Tower
14:16 Guard Tower
14:34 Guard Tower
14:38 Scout Tower
14:39 Scout Tower
14:40 Scout Tower
14:44 Scout Tower
14:46 Scout Tower
15:06 Guard Tower
15:07 Guard Tower
15:07 Guard Tower
15:08 Guard Tower
15:16 Guard Tower
15:16 Guard Tower
15:34 Guard Tower
16:28 Gryphon Aviary
16:55 Gryphon Aviary
18:13 Scout Tower
18:15 Scout Tower
18:15 Scout Tower
18:16 Scout Tower
18:22 Scout Tower
18:23 Scout Tower
18:48 Guard Tower
18:48 Guard Tower
18:48 Guard Tower
18:48 Guard Tower
19:02 Guard Tower
19:03 Guard Tower
19:45 Scout Tower
19:46 Scout Tower
19:54 Farm
19:57 Farm
20:15 Guard Tower
20:16 Guard Tower
20:16 Guard Tower
20:17 Guard Tower
21:04 Farm
21:09 Farm
23:37 Scout Tower
23:39 Scout Tower
23:44 Scout Tower
23:48 Town Hall
23:50 Scout Tower
23:53 Scout Tower
23:56 Scout Tower
24:00 Scout Tower
24:03 Scout Tower
24:11 Guard Tower
24:11 Guard Tower
24:28 Guard Tower
24:28 Guard Tower
24:47 Guard Tower
24:47 Guard Tower
24:47 Guard Tower
24:48 Guard Tower
24:48 Guard Tower
24:48 Guard Tower
24:48 Guard Tower
25:38 Arcane Tower
25:38 Guard Tower
26:10 Scout Tower
26:34 Farm
27:08 Gryphon Aviary
28:05 Guard Tower
28:55 Workshop
28:59 Workshop
29:00 Workshop
29:31 Arcane Sanctum
37:35 Farm
37:36 Farm
37:38 Farm
» items
| Staff of Teleportation | 1 | |
| Boots of Speed | 1 | |
| Scroll of Regeneration | 8 | |
| Potion of Invisibility | 4 | |
| Lesser Clarity Potion | 1 | |
| Potion of Healing | 2 | |
| Scroll of Town Portal | 1 | |
| Dust of Appearance | 1 | |
| Staff of Sanctuary | 1 | |
20 total

»
sunshine27 (
blue | 20 APM | 567 actions | 28:31)
2 Goblin Tinker
1 Pocket Factory
1 Engineering Upgrade
4 Priestess of the Moon
1 Scout
1 Searing Arrows
2 Trueshot Aura
» actions
| Basic commands | 37 | |
| Build / train | 88 | |
| Enter build submenu | 19 | |
| Enter hero's abilities submenu | 7 | |
| Right click | 116 | |
| Select / deselect | 245 | |
| Use ability | 55 | |
567 total
» units
| Wisp | 11 | |
| Archer | 21 | |
| Hippogryph | 17 | |
| Chimaera | 6 | |
55 total
» upgrades
| Strength of the Moon | 2 | |
| Moon Armor | 2 | |
| Hippogryph Taming | 1 | |
| Strength of the Wild | 2 | |
| Reinforced Hides | 2 | |
| Corrosive Breath | 1 | |
| Improved Bows | 1 | |
| Marksmanship | 1 | |
| Ultravision | 1 | |
| Well Spring | 1 | |
14 total
» buildings
| Moon Well | 6 | |
| Altar of Elders | 1 | |
| Ancient of War | 1 | |
| Hunter's Hall | 1 | |
| Ancient of Wonders | 1 | |
| Tree of Ages | 1 | |
| Ancient of Wind | 1 | |
| Tree of Eternity | 1 | |
| Chimaera Roost | 1 | |
14 total
» build order
04:40 Moon Well
04:42 Altar of Elders
05:05 Ancient of War
05:27 Hunter's Hall
05:34 Ancient of Wonders
06:01 Moon Well
06:06 Tree of Ages
06:57 Moon Well
08:11 Moon Well
09:12 Ancient of Wind
09:49 Tree of Eternity
12:18 Chimaera Roost
12:25 Moon Well
19:00 Moon Well
» items
| Potion of Invisibility | 1 | |
| Staff of Teleportation | 1 | |
| Dust of Appearance | 2 | |
| Staff of Preservation | 1 | |
| Anti-magic Potion | 1 | |
| Scroll of Healing | 2 | |
| Scroll of Town Portal | 1 | |
9 total
Chat log
(00:07 / All) t(o.ot)eatmyass: I'm a limousine ridin', jet flyin', kiss stealin', wheelin' dealin' son of a gun. WOOOO!!
(00:25 / All) t(o.ot)eatmyass: Girls you can't be the first, but you can be the next!
(00:31 / All) Finally: Gooks in the DPRK are now allowed to eat hamburgers, wear pants, and use cellphones. Hail Kim Jong-Sung!
(00:45 / All) Finally: North Korea is BEST Korea!
(00:52 / All) forefingerfirst: lololol
(00:54 / All) mental_unstable: ur mum is the best
(00:55 / All) t(o.ot)eatmyass: This ain't no garden party, brother
(00:58 / All) t(o.ot)eatmyass: This is WARCRAFT
(00:58 / Allies) ARGENTINA-K: is that china?
(01:03 / All) t(o.ot)eatmyass: Where only the strongest survive
(01:32 / 9) Finally: top left
(01:42 / All) t(o.ot)eatmyass: NATURE BOY, WOOOOO!
(01:43 / 9) Finally: any UD nearby me?
(01:58 / 9) Finally: kk
(01:59 / Allies) ARGENTINA-K: bm?
(02:06 / 9) Finally: gonna try to expo near him
(02:15 / Allies) forefingerfirst: jeaa budday
(03:10 / All) forefingerfirst: newgodflow-mr.k.west
(04:13 / All) t(o.ot)eatmyass: WOOOOO!
(04:14 / 9) Finally: good I got expo north of him
(04:17 / All) KickitwitaG: harras me
(04:48 / All) KickitwitaG: DIE
(04:54 / All) t(o.ot)eatmyass: WOOOO!
(05:00 / Allies) ARGENTINA-K: greeen
(05:43 / All) KickitwitaG: see bm harrase gets butt fuked
(07:10 / 9) Finally: making 2nd expo gonna have slow tech
(08:07 / 9) Finally: no
(09:27 / All) ARGENTINA-K: lol purp
(11:45 / Allies) ARGENTINA-K: meet
(11:59 / 9) Finally: here comes the gold begging
(12:04 / Allies) ARGENTINA-K: hit exes
(13:38 / All) t(o.ot)eatmyass: shit lawl
(13:59 / Allies) ARGENTINA-K: meet?
(14:03 / Allies) mental_unstable: met
(14:58 / All) KickitwitaG: STOP
(15:07 / All) t(o.ot)eatmyass: not so smug now are ya
(15:11 / All) KickitwitaG: IM KILLING YELLOW
(15:12 / 9) Finally: purp wants to kill me lol
(15:25 / All) t(o.ot)eatmyass: Why be a punk ass just cuz you suck|
(15:29 / All) Finally: Purp is a backstabber
(15:39 / All) KickitwitaG: CUZ DIS BITCH IS GREETING
(16:07 / All) KickitwitaG: BITCH DIE YELLOW
(16:15 / All) Finally: Nice try. You couldn't if you wanted to
(16:34 / 9) Finally: stab asap he killed towers
(16:57 / Allies) t(o.ot)eatmyass: wood
(17:25 / Allies) t(o.ot)eatmyass: wood plz
(17:34 / Allies) t(o.ot)eatmyass: have a real lack of wood
(18:27 / Allies) t(o.ot)eatmyass: wood plz guys I'm despearte
(18:38 / 9) Finally: if they hit me I'll need help
(18:59 / 9) Finally: he doesnt want to
(19:48 / Allies) t(o.ot)eatmyass: wood me orange
(19:50 / Allies) t(o.ot)eatmyass: I'll give gold for wood
(20:09 / All) ARGENTINA-K: gg blue
(20:11 / All) t(o.ot)eatmyass: gg
(20:14 / 9) Finally: stab stab stab
(20:17 / All) t(o.ot)eatmyass: orange has 3k wood won't giove any
(20:31 / 9) Finally: are you unable to because of wood?
(20:51 / 9) Finally: kill red he is biggest threat imo
(21:03 / All) ARGENTINA-K: gg blue
(21:45 / Allies) ARGENTINA-K: ?=?????
(21:48 / Allies) ARGENTINA-K: ??????
(21:50 / Allies) t(o.ot)eatmyass: WOOD
(21:52 / Allies) t(o.ot)eatmyass: WOOD RIGHT NOW
(21:57 / Allies) ARGENTINA-K: take
(22:00 / Allies) t(o.ot)eatmyass: I' MNOT BEGGING ALL GAME
(22:21 / Allies) ARGENTINA-K: gave u wood and gold
(22:27 / Allies) t(o.ot)eatmyass: WOOD RIGHT NOW ORANGE
(22:45 / 9) Finally: blue has chippo now
(22:45 / Allies) t(o.ot)eatmyass: WOOD RIGHT NOW ORANGE
(22:52 / 9) Finally: he is no threat little aa
(22:55 / Allies) t(o.ot)eatmyass: 2k wood or you die
(23:00 / Allies) mental_unstable: fuck u
(23:01 / 9) Finally: gonna try to get mid expo don't scout it
(23:06 / Allies) ARGENTINA-K: poor little child
(23:32 / 9) Finally: LOL he passed me and ignored it
(23:44 / Allies) mental_unstable: go eat shit
(23:51 / Allies) mental_unstable: teal
(24:00 / Allies) mental_unstable: go eat shit then i give u wood
(24:03 / All) ARGENTINA-K: we lost by little child
(24:06 / Allies) t(o.ot)eatmyass: YOU PICKED A FIGHT WITH THE WRONG GUY RED
(24:08 / All) ARGENTINA-K: i will suicide to yellow
(24:14 / All) Finally: It's not over yet.
(24:16 / All) ARGENTINA-K: not to towers
(24:23 / 9) Finally: if they attack help
(24:24 / All) ARGENTINA-K: behind so free exp
(24:27 / 9) Finally: not sure if I have it
(25:02 / All) Finally: My team was ultra mad because of my gold
(25:41 / All) t(o.ot)eatmyass: LUMBER HOARDERS WILL BE EXECUTED
(25:43 / All) t(o.ot)eatmyass: WOOOOO!
(25:43 / 9) ARGENTINA-K: hope ur mother get cancer and die
(25:51 / 9) ARGENTINA-K: and suffer a lot before
(25:55 / 9) ARGENTINA-K: with pain
(25:56 / All) Finally: sup
(25:57 / All) Finally: SO FUCKING BAD
(25:57 / All) Finally: I 1v4ED ALL YOU SCRUBS
(25:58 / All) Finally: LEAVE
(26:03 / All) t(o.ot)eatmyass: Red is telling me some seriously vicious things in privatre
(26:07 / All) t(o.ot)eatmyass: hopes my mother gets cancer and dies
(26:26 / 9) ARGENTINA-K: and she suffer
(26:28 / 9) ARGENTINA-K: a lot
(26:38 / All) t(o.ot)eatmyass: and she suffer... a lot
(26:38 / 9) ARGENTINA-K: with incredible pain
(26:47 / All) t(o.ot)eatmyass: with incredible pain
(26:53 / 9) ARGENTINA-K: ye
(26:59 / 9) ARGENTINA-K: she deserves for u
(27:10 / 9) ARGENTINA-K: u died bitch
(27:13 / 9) ARGENTINA-K: cant 1 vs 1
(27:19 / 9) ARGENTINA-K: u re not as good as u think
(27:28 / 9) ARGENTINA-K: just a little child
(27:30 / All) Finally: DO YOU KNOW HOW TO LEAVE? IT'S CALLED ALT+QQ. I SHALL PAUSE SO YOU CAN
(27:31 / All) Finally: GET THE FUCK OUT
(27:34 / All) Finally: I 1v4ed all of you
(27:53 / 9) ARGENTINA-K: we lost by noob
(27:56 / All) t(o.ot)eatmyass: red thinks |I died because I lost 2 griffsa nd tped
(27:57 / 9) ARGENTINA-K: u fucked
(28:11 / 9) ARGENTINA-K: poor child
(28:12 / 9) ARGENTINA-K: cant play
(28:19 / 9) ARGENTINA-K: can get his own resources
(28:23 / 9) ARGENTINA-K: he must be american
(28:35 / All) t(o.ot)eatmyass: AMERICA
(28:37 / All) t(o.ot)eatmyass: FUCK YEAH!
(28:39 / 9) ARGENTINA-K: think other have to get resourses for him
(28:39 / All) t(o.ot)eatmyass: COMING TO SAVE
(28:41 / All) Finally: he said "gg" in allied chat and left
(28:44 / All) t(o.ot)eatmyass: THE MOTHER FUCKING DAY YEAH!
(28:46 / All) Finally: Not knowing our intent
(29:25 / All) Finally: Nice try green
(30:03 / 9) ARGENTINA-K: get a stick in ur ass
(30:04 / 9) ARGENTINA-K: deep
(30:07 / 9) ARGENTINA-K: and enjoy
(30:19 / 9) ARGENTINA-K: make ur flesh get wide
(30:26 / All) t(o.ot)eatmyass: Red do you like Jorge Luis Borges
(30:38 / All) ARGENTINA-K: green kill human cyan when u can
(30:40 / All) ARGENTINA-K: plz
(30:41 / All) ARGENTINA-K: for us
(30:50 / All) Finally: Why? He's on my team bro.
(30:59 / All) t(o.ot)eatmyass: green is going to win it lawsl
(31:05 / All) t(o.ot)eatmyass: red is delusional
(31:19 / 9) ARGENTINA-K: ur mom not
(31:26 / All) t(o.ot)eatmyass: dust
(31:28 / 9) ARGENTINA-K: she fucks very good
(31:34 / 9) ARGENTINA-K: too dirty for me
(31:38 / 9) ARGENTINA-K: swalled my cum
(31:41 / 9) ARGENTINA-K: lol
(31:53 / 9) ARGENTINA-K: she liked all my prick
(32:18 / All) forefingerfirst: im starting to think yellow and teal are like dah geys that work together
(32:24 / 9) ARGENTINA-K: im staying to see u die
(32:36 / 9) Finally: staff
(32:36 / All) t(o.ot)eatmyass: Yeah, you got hoaxed
(32:40 / All) t(o.ot)eatmyass: we've been working in collusion
(32:49 / All) forefingerfirst: have fun guys im out
(32:52 / All) Finally: Bye.
(35:09 / All) t(o.ot)eatmyass: why kill me phoenix :(
(35:13 / All) t(o.ot)eatmyass: kill green's old base
(35:17 / All) Finally: They're just amoving
(35:25 / All) Finally: free xp from blue's last shit
(35:39 / All) Finally: omw
(35:49 / All) t(o.ot)eatmyass: Orange refuses to leave
(36:19 / 9) Finally: I agree, my team were beggars.
(36:23 / All) t(o.ot)eatmyass: he's 10-3
(36:35 / All) t(o.ot)eatmyass: green 0-0 I think
(36:42 / All) t(o.ot)eatmyass: orange is mass games and well below 50%
(36:52 / All) t(o.ot)eatmyass: red 2-0
(37:05 / All) t(o.ot)eatmyass: 27-21 pink
(37:10 / All) t(o.ot)eatmyass: if orange leaves I say your team to lose
(37:22 / All) Finally: My team was whiny. WAAAAH I DIDN'T EXPO GIVE ME YOUR GOLD
(37:39 / Allies) t(o.ot)eatmyass: Orange leave and you get a tie
(37:43 / Allies) t(o.ot)eatmyass: stay and you get a loss on your record
(38:36 / All) t(o.ot)eatmyass: Orange leave and you get a tie
(38:38 / All) t(o.ot)eatmyass: stay you lose
(38:51 / All) t(o.ot)eatmyass: 5
(38:53 / All) t(o.ot)eatmyass: 4
(38:54 / All) t(o.ot)eatmyass: 3
(38:56 / All) t(o.ot)eatmyass: 2
(38:57 / All) t(o.ot)eatmyass: 1